[Event "Monday Night Engine Tour 13 Rd Swiss 3m+1s Starts at 2200hrs ST"]
[Site "Infinity Chess"]
[Date "2018.4.10"]
[Round "12"]
[White "OlivierEvan"]
[Black "MCDermont"]
[Result "0-1"]
[ECO "A01"]
[WhiteElo "2470"]
[BlackElo "2537"]
[WhiteEngine "Houdini 6"]
[BlackEngine "BrainFish 090218"]
[EventType "Swiss"]
[WhiteTeam ""]
[BlackTeam ""]
[PlyCount "224"]
[TimeControl "180+1"]

1. b3 d5 2. Nf3 Bf5 3. e3 e6 4. Bb2 c6 5. Be2 h6 6. O-O Nf6 7. d4 Bd6 8. Nbd2 a5 
9. c4 Nbd7 10. Ne5 O-O 11. a3 Bc7 12. f4 Ne4 13. Nxe4 Bxe4 14. Rc1 Qe7 
15. Nxd7 Qxd7 16. a4 Rfb8 17. Ba3 Bd8 18. h3 Bh4 19. Kh2 Bf5 20. Qd2 Be4 
21. Bd3 Bf5 22. Rfd1 Re8 23. Qc2 g6 24. Qe2 Bf6 25. Bc2 b6 26. g4 Bxc2 
27. Qxc2 Rec8 28. Kg3 Rab8 29. h4 Bg7 30. c5 Bf8 31. Qb2 b5 32. Qc2 bxa4 
33. bxa4 Be7 34. Bb2 Kg7 35. Rd2 Rb4 36. Bc3 Rc4 37. Qd1 Bd8 38. Rh2 Rb8 
39. g5 Qc7 40. Kf3 h5 41. Ra2 Qc8 42. Kg2 f6 43. gxf6+ Kxf6 44. Kg3 Qd7 
45. Rg2 Qf7 46. Qc2 Kg7 47. Rcg1 g5 48. hxg5 Qg6 49. Rc1 Qxc2 50. Rgxc2 Rb3 
51. Kf3 Kg6 52. Ke2 Rxa4 53. Bd2 Raa3 54. Rc3 a4 55. Rxb3 axb3 56. Rb1 Ra2 
57. Kf3 Rxd2 58. Rxb3 h4 59. Rb8 Be7 60. Rh8 Rh2 61. Rc8 Kf5 62. Rxc6 Rh3+ 
63. Kf2 Rh2+ 64. Kf3 Rh3+ 65. Kf2 Rh1 66. Rc7 Bd8 67. Rd7 Ba5 68. Kg2 Ra1 
69. Kf3 Rf1+ 70. Kg2 Rc1 71. Kf3 Rf1+ 72. Kg2 Re1 73. Kf3 h3 74. Rf7+ Kg6 
75. Rf6+ Kg7 76. Rh6 Bd2 77. c6 Rxe3+ 78. Kg4 Ba5 79. Rxh3 Re4 80. Rh6 Bd8 
81. Kh5 Re1 82. Kg4 Bc7 83. f5 Rg1+ 84. Kf3 Rxg5 85. Rxe6 Rxf5+ 86. Ke2 Kf7 
87. Re3 Rf4 88. Kd3 Bb6 89. Ke2 Rxd4 90. Rc3 Rc4 91. Rh3 Rxc6 92. Rh5 d4 
93. Kd3 Rc3+ 94. Kd2 Bd8 95. Re5 Bf6 96. Rb5 Ke6 97. Rb6+ Kf5 98. Rd6 Be5 
99. Rd7 Ke4 100. Re7 Rc5 101. Re6 d3 102. Re7 Rc2+ 103. Kd1 Kd4 104. Rd7+ Ke3 
105. Re7 Rc5 106. Rh7 Bf4 107. Rh1 Ke4 108. Ke1 Rc1+ 109. Kf2 Rxh1 110. Kg2 Rh2+ 
111. Kf1 d2 112. Kg1 d1=Q# 0-1

[Event "Monday Night Engine Tour 13 Rd Swiss 3m+1s Starts at 2200hrs ST"]
[Site "Infinity Chess"]
[Date "2018.4.10"]
[Round "12"]
[White "Vimtiroba"]
[Black "ocirema"]
[Result "1/2-1/2"]
[ECO "D02"]
[WhiteElo "2527"]
[BlackElo "2510"]
[WhiteEngine "SF9 ''A6''_CTG"]
[BlackEngine "asmFishW_2018-04-08_popcnt_CTG"]
[EventType "Swiss"]
[WhiteTeam ""]
[BlackTeam ""]
[PlyCount "67"]
[TimeControl "180+1"]

1. d4 d5 2. Nf3 Nf6 3. c4 e6 4. Nc3 c6 5. e3 Nbd7 6. Qc2 Bd6 7. Bd3 O-O 
8. O-O dxc4 9. Bxc4 a6 10. Rd1 b5 11. Bd3 Bb7 12. Ng5 h6 13. Nge4 Bc7 14. a3 Qe7 
15. b4 a5 16. Bd2 e5 17. Ng3 exd4 18. Nf5 Qd8 19. exd4 axb4 20. axb4 Rxa1 
21. Rxa1 Nb6 22. Ne2 Re8 23. Neg3 Nbd5 24. Qc1 Bxg3 25. Nxg3 Qb6 26. Nf5 Bc8 
27. Nxg7 Kxg7 28. Bxh6+ Kh8 29. Qg5 Rg8 30. Qh4 Rg4 31. Qh3 Rg8 32. Qh4 Rg4 
33. Qh3 Rg8 34. Qh4 1/2-1/2

[Event "Monday Night Engine Tour 13 Rd Swiss 3m+1s Starts at 2200hrs ST"]
[Site "Infinity Chess"]
[Date "2018.4.10"]
[Round "12"]
[White "Victorious"]
[Black "Deep_Impact"]
[Result "1/2-1/2"]
[ECO "C55"]
[WhiteElo "2579"]
[BlackElo "2525"]
[WhiteEngine "Cfish_x64_060418_LTO_popcnt"]
[BlackEngine "asmFishW_2018-04-07_bmi2"]
[EventType "Swiss"]
[WhiteTeam ""]
[BlackTeam ""]
[PlyCount "138"]
[TimeControl "180+1"]

1. e4 e5 2. Nf3 Nc6 3. Bc4 Nf6 4. d3 Bc5 5. O-O O-O 6. c3 d6 7. Re1 a5 
8. Nbd2 h6 9. Nf1 Be6 10. Bb5 Ne7 11. h3 Ba7 12. Ng3 c6 13. Ba4 b5 14. Bc2 a4 
15. d4 Ng6 16. b3 axb3 17. axb3 Qc7 18. Be3 c5 19. Bd3 Rfb8 20. Ra6 Bc8 
21. dxe5 Nxe5 22. Nxe5 Bxa6 23. Ng4 Nxg4 24. Qxg4 Bc8 25. Nf5 Bxf5 26. exf5 Qe7 
27. Be4 Bb6 28. Bxa8 Rxa8 29. Qf3 Rb8 30. Bd2 Qd8 31. Qd5 Qf6 32. c4 bxc4 
33. bxc4 Qd4 34. Qxd4 cxd4 35. Rb1 d3 36. Rb5 d5 37. Rxd5 Rc8 38. Rd6 Bd8 
39. Rxd3 Bf6 40. Bc3 Bg5 41. g3 Rxc4 42. h4 Be7 43. h5 Rc5 44. Rf3 Bg5 
45. Kh1 Rd5 46. g4 Bd2 47. Bxd2 Rxd2 48. Kg2 Rd6 49. Kg3 Kf8 50. Ra3 Ke7 
51. Ra7+ Ke8 52. f3 Kf8 53. Rb7 Rd5 54. Rb3 Ra5 55. Rb8+ Ke7 56. Rb7+ Kf6 
57. Rb1 Ke7 58. Rh1 Kf6 59. Rc1 Kg5 60. Rc4 Kf6 61. Rd4 Ra2 62. Rd6+ Ke7 
63. Rd1 Ra5 64. Re1+ Kf6 65. Rb1 Ra3 66. Rb7 Ra4 67. Rb5 Ke7 68. Rb1 Ra3 
69. Rf1 Ra2 1/2-1/2

[Event "Monday Night Engine Tour 13 Rd Swiss 3m+1s Starts at 2200hrs ST"]
[Site "Infinity Chess"]
[Date "2018.4.10"]
[Round "12"]
[White "MarioDeMonti"]
[Black "THE_MACHINE"]
[Result "1/2-1/2"]
[ECO "C50"]
[WhiteElo "2492"]
[BlackElo "2580"]
[WhiteEngine "stockfish_x64_bmi2_2018_02_18_CTG"]
[BlackEngine "BrainFish_180408_x64_bmi2"]
[EventType "Swiss"]
[WhiteTeam ""]
[BlackTeam ""]
[PlyCount "59"]
[TimeControl "180+1"]

1. e4 e5 2. Nf3 Nc6 3. Bc4 Bc5 4. O-O Nf6 5. d3 a5 6. c3 d6 7. Re1 O-O 8. h3 h6 
9. Nbd2 Be6 10. Bb5 Qb8 11. Nf1 Qa7 12. Qe2 a4 13. Rd1 Rfe8 14. d4 exd4 
15. cxd4 Bb6 16. Be3 Bd7 17. e5 Nd5 18. a3 dxe5 19. dxe5 Be6 20. Rac1 Bxe3 
21. Nxe3 Nf4 22. Qe1 Rad8 23. Rxd8 Rxd8 24. Bxc6 bxc6 25. Rd1 Rxd1 26. Qxd1 Nd5 
27. Nf1 Nf4 28. Ne3 Nd5 29. Nf1 Nf4 30. Ne3 1/2-1/2

[Event "Monday Night Engine Tour 13 Rd Swiss 3m+1s Starts at 2200hrs ST"]
[Site "Infinity Chess"]
[Date "2018.4.10"]
[Round "11"]
[White "SkyPilot"]
[Black "OlivierEvan"]
[Result "0-1 "]
[ECO "C55"]
[WhiteElo "2481"]
[BlackElo "2453"]
[WhiteEngine "stockfish_x64_bmi2_2018_04_07_CTG"]
[BlackEngine "Houdini 6"]
[EventType "Swiss"]
[WhiteTeam ""]
[BlackTeam ""]
[PlyCount "176"]
[TimeControl "180+1"]

1. e4 e5 2. Nf3 Nc6 3. Bc4 Nf6 4. d3 Bc5 5. c3 d6 6. O-O O-O 7. Bg5 h6 
8. Bh4 Bb6 9. a4 g5 10. Bg3 g4 11. Bh4 gxf3 12. Qxf3 Kg7 13. Nd2 Rg8 14. Kh1 Be6 
15. Bd5 a5 16. Rg1 Qe7 17. g4 Nxd5 18. Bxe7 Ndxe7 19. Nf1 Kf8 20. Ne3 Ng6 
21. Rg3 Nce7 22. Ng2 Rd8 23. h4 Ke8 24. h5 Nf8 25. Qe2 Nh7 26. Nh4 Nf6 
27. Rag1 Rg5 28. R1g2 d5 29. f3 Kd7 30. b4 axb4 31. cxb4 Rdg8 32. a5 Bd4 
33. Qe1 Nc8 34. Rh3 Nd6 35. Rhh2 c6 36. Qb1 Nb5 37. Qc1 Kc7 38. Qe1 Bc3 
39. Qb1 Nd4 40. Rf2 Ne8 41. Ng2 Nd6 42. Ne3 N6b5 43. Rhg2 Rd8 44. Kg1 Kb8 
45. Kh1 Ka7 46. Rf1 Rd7 47. Nc2 Nxc2 48. Qxc2 Bxb4 49. Rb1 Bd6 50. a6 bxa6 
51. Ra1 Rc7 52. Qa4 Bc8 53. Rc2 d4 54. Rh2 Rg8 55. Rb2 Bb7 56. Rc2 Nc3 
57. Qb3 Re7 58. Rh2 Re6 59. Rc2 Rb8 60. Qc4 c5 61. Ra5 Rc8 62. Rb2 Rc6 
63. Qb3 Bc8 64. Ra1 Re7 65. Qc2 c4 66. Qc1 Re6 67. dxc4 Be7 68. Qf1 Rf6 
69. Qd3 Be6 70. Rab1 Rc7 71. Kg2 Bd6 72. c5 Bxc5 73. Ra1 Rc6 74. Qd2 Rf4 
75. Rc2 Bd6 76. Qc1 Bb3 77. Rf2 Bc4 78. Qd2 Bb4 79. Qe1 Kb6 80. Rb1 Kc5 
81. Rc1 a5 82. Qh1 a4 83. g5 hxg5 84. Qh3 Be6 85. Qh2 Kd6 86. Qg3 g4 87. h6 Rc8 
88. h7 gxf3+ 0-1

[Event "Monday Night Engine Tour 13 Rd Swiss 3m+1s Starts at 2200hrs ST"]
[Site "Infinity Chess"]
[Date "2018.4.10"]
[Round "11"]
[White "star99"]
[Black "MGR"]
[Result "1-0"]
[ECO "E10"]
[WhiteElo "2441"]
[BlackElo "2525"]
[WhiteEngine "Cryptic Heroes 9.3B"]
[BlackEngine "Eman 1.70-beta15 64-bit BMI2"]
[EventType "Swiss"]
[WhiteTeam ""]
[BlackTeam ""]
[PlyCount "195"]
[TimeControl "180+1"]

1. d4 Nf6 2. c4 e6 3. Nf3 d5 4. e3 Be7 5. Nc3 O-O 6. a3 b6 7. cxd5 exd5 
8. b4 Nbd7 9. Rb1 a6 10. Bd3 c5 11. dxc5 bxc5 12. O-O c4 13. Bc2 Bb7 14. h3 Qc7 
15. Nd4 g6 16. Bb2 Rfe8 17. Nde2 Bd6 18. Qd2 Qc6 19. Nd4 Qc7 20. Rfd1 Bh2+ 
21. Kh1 Bd6 22. Nde2 Rad8 23. Na4 Rc8 24. Bd4 Bc6 25. Nac3 Rb8 26. Kg1 Bh2+ 
27. Kh1 Bd6 28. f4 Bf8 29. Kg1 h6 30. Rf1 Bg7 31. Rf2 Bb7 32. Rbf1 Rbd8 
33. g4 Ne4 34. Bxe4 dxe4 35. Bxg7 Kxg7 36. Nd4 Kh7 37. a4 Nf8 38. Nce2 Nd7 
39. Nc3 Nf8 40. Nce2 Nd7 41. Qe1 Kg8 42. Rg2 Qd6 43. Qh4 Qf8 44. a5 Bd5 
45. Nc3 Ba8 46. Rc2 Qxb4 47. Qxh6 Qf8 48. Qh4 Qg7 49. Na4 Bd5 50. Kg2 Qf6 
51. Qxf6 Nxf6 52. Nb6 Be6 53. Kf2 Kg7 54. g5 Nh5 55. Nxe6+ Rxe6 56. Nxc4 Rd5 
57. Ra2 f6 58. h4 Rc6 59. Nd2 Re6 60. Nb3 Rc6 61. Rb1 fxg5 62. hxg5 Rc3 
63. Nc1 Rcc5 64. Rb7+ Kf8 65. Nb3 Rb5 66. Rxb5 Rxb5 67. Nd2 Ke7 68. Ra4 Kf8 
69. Nxe4 Ke7 70. Rc4 Rxa5 71. Rc6 Kf7 72. Nd6+ Kf8 73. Nc8 Rd5 74. Rxg6 a5 
75. Rh6 Rd2+ 76. Kf3 Rh2 77. f5 a4 78. f6 Nxf6 79. Rxh2 Nd7 80. Rh7 Ke8 
81. Nd6+ Kd8 82. Nb7+ Kc8 83. Rxd7 Kxd7 84. Nc5+ Kd6 85. Nxa4 Ke5 86. e4 Kd6 
87. Kf4 Ke6 88. e5 Kf7 89. Kf5 Ke8 90. e6 Ke7 91. g6 Kd6 92. g7 Kd5 93. e7 Kc4 
94. g8=Q+ Kb5 95. e8=Q+ Kb4 96. Qb8+ Ka5 97. Qb6+ Kxa4 98. Qa8# 1-0

[Event "Monday Night Engine Tour 13 Rd Swiss 3m+1s Starts at 2200hrs ST"]
[Site "Infinity Chess"]
[Date "2018.4.10"]
[Round "11"]
[White "Vimtiroba"]
[Black "Dovahkiin"]
[Result "1/2-1/2"]
[ECO "D02"]
[WhiteElo "2532"]
[BlackElo "2414"]
[WhiteEngine "SF9 ''A6''_CTG"]
[BlackEngine "Raubfisch ME262_GTZ16f_CTG"]
[EventType "Swiss"]
[WhiteTeam ""]
[BlackTeam ""]
[PlyCount "163"]
[TimeControl "180+1"]

1. d4 d5 2. Nf3 Nf6 3. c4 e6 4. Nc3 c6 5. e3 Nbd7 6. Qc2 Bd6 7. Bd3 O-O 
8. O-O dxc4 9. Bxc4 a6 10. Rd1 b5 11. Bd3 Qc7 12. Ne4 Nxe4 13. Bxe4 Nf6 
14. Bd3 c5 15. dxc5 Qxc5 16. a4 bxa4 17. Qxc5 Bxc5 18. Rxa4 Bd7 19. Rxa6 Ba4 
20. Rxa8 Rxa8 21. Rf1 Rb8 22. g3 Nd7 23. Nd2 Ne5 24. Be2 Bc2 25. b3 Bb4 
26. Nc4 Nxc4 27. bxc4 Rd8 28. Bf3 Rc8 29. Bb2 Rxc4 30. Ra1 Rc8 31. h3 h6 
32. h4 Bd3 33. Kg2 Rc2 34. Bd4 Bc3 35. Ra8+ Kh7 36. Ra3 Be1 37. e4 e5 
38. Be3 Bc4 39. Bd1 Rb2 40. h5 Bb4 41. Ra1 Be6 42. Kf3 g5 43. hxg6+ Kxg6 
44. Ra6 Kg7 45. Rb6 h5 46. Kg2 Bg4 47. Bxg4 hxg4 48. Bc1 Rc2 49. Rxb4 Rxc1 
50. Rb5 f6 51. Rb7+ Kg8 52. Rb8+ Kf7 53. Rb7+ Kg6 54. Rb8 Kf7 55. Rb7+ Kg6 
56. Rb8 Rc2 57. Rg8+ Kh5 58. Rh8+ Kg5 59. Rg8+ Kh5 60. Re8 Re2 61. Rf8 Rxe4 
62. Rxf6 Kg5 63. Rf8 Kg6 64. Kf1 Rd4 65. Rg8+ Kf5 66. Ke2 Re4+ 67. Kd3 Rd4+ 
68. Ke2 Ra4 69. Rf8+ Ke4 70. Kf1 Rd4 71. Ke2 Ra4 72. Kf1 Ra1+ 73. Ke2 Ra3 
74. Kf1 Ra1+ 75. Kg2 Ra2 76. Rg8 Kf5 77. Rd8 Ra4 78. Rg8 Ra1 79. Re8 Ra2 
80. Rd8 Ke4 81. Rg8 Kf5 82. Rd8 1/2-1/2

[Event "Monday Night Engine Tour 13 Rd Swiss 3m+1s Starts at 2200hrs ST"]
[Site "Infinity Chess"]
[Date "2018.4.10"]
[Round "11"]
[White "TasicV"]
[Black "Coco69"]
[Result "1/2-1/2"]
[ECO "C50"]
[WhiteElo "2379"]
[BlackElo "2475"]
[WhiteEngine "SugaR.XPrO.1.4.64.POCNT_CTG"]
[BlackEngine "asmFishW_2018-04-08_popcnt_CTG"]
[EventType "Swiss"]
[WhiteTeam ""]
[BlackTeam ""]
[PlyCount "69"]
[TimeControl "180+1"]

1. e4 e5 2. Nf3 Nc6 3. Bc4 Bc5 4. O-O Nf6 5. d3 d6 6. c3 a5 7. Bg5 Ba7 
8. Nbd2 h6 9. Bh4 Qe7 10. Bb5 g5 11. Bg3 O-O 12. Nc4 Nh5 13. Bxc6 bxc6 
14. Nxa5 Nxg3 15. hxg3 Bd7 16. a4 h5 17. b4 Kg7 18. d4 h4 19. g4 exd4 
20. Qd2 Qxe4 21. Qxg5+ Qg6 22. Qxg6+ fxg6 23. cxd4 Bb6 24. Nc4 Bxg4 
25. Nxb6 cxb6 26. Nxh4 Rf4 27. Rfc1 g5 28. Nf3 Bxf3 29. gxf3 Rxd4 30. Rxc6 Rxb4 
31. Rxd6 Raxa4 32. Rxa4 Rxa4 33. Rxb6 g4 34. f4 Rxf4 35. Rb7+ 1/2-1/2

[Event "Monday Night Engine Tour 13 Rd Swiss 3m+1s Starts at 2200hrs ST"]
[Site "Infinity Chess"]
[Date "2018.4.10"]
[Round "11"]
[White "MarioDeMonti"]
[Black "Deep_Impact"]
[Result "1/2-1/2"]
[ECO "C55"]
[WhiteElo "2491"]
[BlackElo "2526"]
[WhiteEngine "stockfish_x64_bmi2_2018_02_18_CTG"]
[BlackEngine "asmFishW_2018-04-07_bmi2"]
[EventType "Swiss"]
[WhiteTeam ""]
[BlackTeam ""]
[PlyCount "166"]
[TimeControl "180+1"]

1. e4 e5 2. Nf3 Nc6 3. Bc4 Nf6 4. d3 Bc5 5. c3 a5 6. O-O d6 7. Re1 Ba7 
8. Nbd2 O-O 9. h3 Be6 10. Bb5 Ne7 11. d4 Ng6 12. Ba4 Nh5 13. Nf1 Nhf4 
14. Bc2 Qd7 15. Bxf4 Nxf4 16. Ne3 exd4 17. Nxd4 Qd8 18. Qf3 Ng6 19. Qh5 Qf6 
20. Ndf5 Ne5 21. a4 Rfe8 22. Rad1 Rad8 23. Nd4 c6 24. Qe2 Bc8 25. Qf1 Qf4 
26. Qe2 Qf6 27. Qf1 Qf4 28. Qe2 Qg5 29. Kh2 Qf6 30. Rf1 d5 31. exd5 cxd5 
32. Kg1 Bxd4 33. cxd4 Nc6 34. Rfe1 Be6 35. Qd3 g6 36. Bb3 Kg7 37. Qc3 Re7 
38. Nc2 h5 39. Qd2 g5 40. f3 Rde8 41. Na3 g4 42. hxg4 hxg4 43. fxg4 Rh8 
44. g5 Qf5 45. Nb5 Rh4 46. Rc1 Bd7 47. Rxe7 Nxe7 48. Nc3 Qh7 49. Kf2 Qf5+ 
50. Kg1 Qh7 51. Kf2 Rg4 52. Kg1 Qf5 53. Qe3 Kf8 54. Ne2 Qxg5 55. Qxg5 Rxg5 
56. Rc5 b6 57. Rc7 Bf5 58. Kf2 Be4 59. Ng3 f5 60. Rd7 Bxg2 61. Rd6 f4 
62. Rf6+ Kg7 63. Rxf4 Bh3 64. Rh4 Bf5 65. Nxf5+ Rxf5+ 66. Ke3 Rg5 67. Bd1 Rg2 
68. Rg4+ Rxg4 69. Bxg4 Nc6 70. b3 Nb4 71. Be2 Kg6 72. Bg4 Nc2+ 73. Kd3 Nb4+ 
74. Ke3 Nc2+ 75. Kd2 Nxd4 76. Kc3 Nf5 77. Bf3 d4+ 78. Kc4 Kg5 79. Be4 Kf4 
80. Bxf5 Kxf5 81. Kxd4 Ke6 82. Kc4 Kd6 83. Kc3 Kc5 1/2-1/2

[Event "Monday Night Engine Tour 13 Rd Swiss 3m+1s Starts at 2200hrs ST"]
[Site "Infinity Chess"]
[Date "2018.4.10"]
[Round "11"]
[White "MCDermont"]
[Black "RonWeasley"]
[Result "1/2-1/2"]
[ECO "C11"]
[WhiteElo "2537"]
[BlackElo "2527"]
[WhiteEngine "BrainFish 090218"]
[BlackEngine "BrainFish 090218_CTG"]
[EventType "Swiss"]
[WhiteTeam ""]
[BlackTeam ""]
[PlyCount "134"]
[TimeControl "180+1"]

1. e4 e6 2. d4 d5 3. Nc3 Nf6 4. e5 Nfd7 5. f4 c5 6. Nf3 Nc6 7. Be3 cxd4 
8. Nxd4 Qb6 9. Qd2 Qxb2 10. Rb1 Qa3 11. Bb5 Nxd4 12. Bxd4 a6 13. Bxd7+ Bxd7 
14. Rb3 Qe7 15. Rxb7 Rc8 16. O-O Qd8 17. f5 exf5 18. Qd3 Bc5 19. Bxc5 Rxc5 
20. Nxd5 Bc8 21. Re7+ Kf8 22. Qa3 Qa5 23. Qxa5 Rxa5 24. Rc7 Be6 25. Nf4 Rxe5 
26. Nxe6+ Rxe6 27. Rxf5 Re7 28. Rc8+ Re8 29. Rc7 Re7 30. Rc8+ Re8 31. Rfc5 Ke7 
32. R8c6 g6 33. Kf2 Ra8 34. Rc7+ Kf6 35. Rc3 Kg7 36. Rf3 Rhf8 37. Kg3 Rae8 
38. a4 a5 39. h4 Re1 40. Ra7 Re5 41. c3 Rc5 42. Kh3 Kg8 43. g4 f6 44. Ra6 Kg7 
45. c4 Rxc4 46. Rxa5 Rf7 47. g5 fxg5 48. Rxf7+ Kxf7 49. hxg5 Ke6 50. Kh2 Kd6 
51. Kg3 Rc3+ 52. Kf2 Rc2+ 53. Ke3 Rc4 54. Ra7 Rc3+ 55. Kd4 Ra3 56. a5 Ra4+ 
57. Kc3 Kc6 58. Kb3 Rg4 59. a6 Rg1 60. Rb7 Rg3+ 61. Kc4 Rg4+ 62. Kb3 Rg3+ 
63. Ka4 Rxg5 64. Rxh7 Rg4+ 65. Ka3 Rg5 66. a7 Ra5+ 67. Kb2 Rb5+ 1/2-1/2

[Event "Monday Night Engine Tour 13 Rd Swiss 3m+1s Starts at 2200hrs ST"]
[Site "Infinity Chess"]
[Date "2018.4.10"]
[Round "11"]
[White "ocirema"]
[Black "koalachess"]
[Result "1/2-1/2"]
[ECO "C11"]
[WhiteElo "2515"]
[BlackElo "2383"]
[WhiteEngine "asmFishW_2018-04-08_popcnt_CTG"]
[BlackEngine "stockfish_9_x64_popcnt_CTG"]
[EventType "Swiss"]
[WhiteTeam ""]
[BlackTeam ""]
[PlyCount "170"]
[TimeControl "180+1"]

1. e4 e6 2. d4 d5 3. Nc3 Nf6 4. e5 Nfd7 5. f4 c5 6. Nf3 Nc6 7. Be3 cxd4 
8. Nxd4 Qb6 9. Qd2 Qxb2 10. Rb1 Qa3 11. Bb5 Nxd4 12. Bxd4 a6 13. Rb3 Qe7 
14. Ba4 g6 15. O-O Bg7 16. Bxd7+ Qxd7 17. Bc5 b5 18. Qd4 Qc7 19. a4 Bd7 
20. axb5 Rc8 21. Bb4 axb5 22. Ra1 Qc4 23. Qxc4 bxc4 24. Rb2 Bf8 25. Ra7 Bxb4 
26. Rxb4 Bc6 27. Ne2 O-O 28. Nd4 Rfd8 29. g4 Be8 30. Kf2 Ra8 31. Rbb7 Rxa7 
32. Rxa7 Kf8 33. Ke3 Bd7 34. h4 Ke8 35. h5 gxh5 36. gxh5 h6 37. c3 Rb8 
38. Nc2 Rb2 39. Ra8+ Bc8 40. Nb4 Kd8 41. Kd4 Kc7 42. Kc5 d4 43. Kxd4 Rf2 
44. Ra7+ Bb7 45. Kc5 Rxf4 46. Nc6 Kc8 47. Ne7+ Kc7 48. Nc6 Kc8 49. Nd4 f6 
50. Nb5 Bf3 51. Nd6+ Kd8 52. Nf7+ Ke8 53. exf6 Rxf6 54. Ne5 Bxh5 55. Kd6 Bf3 
56. Re7+ Kd8 57. Rd7+ Kc8 58. Rc7+ Kd8 59. Rxc4 Rf5 60. Rc5 Bh5 61. c4 Rg5 
62. Ra5 Kc8 63. Ra8+ Kb7 64. Rh8 Rg1 65. Rh7+ Kc8 66. Rh8+ Kb7 67. Rh7+ Kc8 
68. Rc7+ Kd8 69. Rd7+ Kc8 70. Rc7+ Kd8 71. Nc6+ Ke8 72. Rc8+ Kf7 73. Ne5+ Kf6 
74. Rf8+ Kg7 75. Rf2 Re1 76. c5 Be8 77. Rc2 Kf6 78. Nd7+ Kg5 79. c6 Rd1+ 
80. Ke7 Bxd7 81. cxd7 h5 82. d8=Q Rxd8 83. Kxd8 h4 84. Rc1 h3 85. Ra1 Kg4 
1/2-1/2

[Event "Monday Night Engine Tour 13 Rd Swiss 3m+1s Starts at 2200hrs ST"]
[Site "Infinity Chess"]
[Date "2018.4.10"]
[Round "11"]
[White "Thinker"]
[Black "Victorious"]
[Result "1/2-1/2"]
[ECO "C50"]
[WhiteElo "2481"]
[BlackElo "2583"]
[WhiteEngine "BrainFish_180404_x64_modern_CTG"]
[BlackEngine "Cfish_x64_060418_LTO_popcnt"]
[EventType "Swiss"]
[WhiteTeam ""]
[BlackTeam ""]
[PlyCount "128"]
[TimeControl "180+1"]

1. e4 e5 2. Nf3 Nc6 3. Bc4 Bc5 4. O-O Nf6 5. d3 d6 6. c3 a5 7. Re1 O-O 8. a4 h6 
9. h3 Be6 10. Nbd2 Bb6 11. b3 d5 12. Bb5 Ne7 13. exd5 Nfxd5 14. Qc2 c6 
15. Bc4 Ng6 16. d4 Ndf4 17. dxe5 Nh4 18. Bf1 Bd5 19. Re4 Bxe4 20. Qxe4 Nfg6 
21. Bc4 Nxf3+ 22. Nxf3 Qd1+ 23. Kh2 Kh8 24. Bb2 f5 25. Qxc6 bxc6 26. Rxd1 Rfd8 
27. Re1 Bxf2 28. Rf1 Bb6 29. Kh1 Bc5 30. Bc1 Ne7 31. g3 Nd5 32. Nd4 Bxd4 
33. cxd4 Nb4 34. Bb2 g6 35. g4 Rf8 36. gxf5 Rxf5 37. Rxf5 gxf5 38. Bc3 Nd5 
39. Bd2 Kg7 40. Kg2 h5 41. Kg3 Kf7 42. Kf3 Ke6 43. Be1 f4 44. Ke4 Rf8 
45. Kf3 Rg8 46. Bf2 Kf5 47. Bd3+ Ke6 48. Bc4 Rg5 49. Bf1 Rg7 50. Bc4 Rg8 
51. Bd3 Kf7 52. Bc4 Rg6 53. Bd3 Rg8 54. Be2 Rb8 55. Bc4 Kg6 56. Bd3+ Kh6 
57. Bc4 Kg5 58. Ke4 f3 59. Kxf3 Rf8+ 60. Kg3 h4+ 61. Kg2 Rd8 62. Kf3 Ra8 
63. Be3+ Nxe3 64. Kxe3 Kf5 1/2-1/2

[Event "Monday Night Engine Tour 13 Rd Swiss 3m+1s Starts at 2200hrs ST"]
[Site "Infinity Chess"]
[Date "2018.4.10"]
[Round "10"]
[White "OlivierEvan"]
[Black "star99"]
[Result "1/2-1/2"]
[ECO "C42"]
[WhiteElo "2454"]
[BlackElo "2440"]
[WhiteEngine "Houdini 6"]
[BlackEngine "Cryptic Heroes 9.3B"]
[EventType "Swiss"]
[WhiteTeam ""]
[BlackTeam ""]
[PlyCount "122"]
[TimeControl "180+1"]

1. e4 e5 2. Nf3 Nf6 3. Nxe5 d6 4. Nf3 Nxe4 5. d4 d5 6. Bd3 Nc6 7. O-O Be7 
8. c4 Nf6 9. Nc3 dxc4 10. Bxc4 O-O 11. h3 h6 12. Bf4 Bd6 13. Ne5 Be6 
14. Bxe6 fxe6 15. Nxc6 bxc6 16. Bd2 Rb8 17. b3 Ba3 18. Ne2 Bb2 19. Rb1 Bxd4 
20. Nxd4 Qxd4 21. Qc2 Qe4 22. Qxe4 Nxe4 23. Be3 Nc3 24. Rb2 Rfd8 25. Rc2 Nd5 
26. Bxa7 Rb5 27. Bc5 Ra8 28. g3 e5 29. Kg2 Kf7 30. Rh1 Rba5 31. Ra1 Rb8 
32. Rb1 h5 33. h4 g6 34. Kf1 Rb7 35. b4 Ra4 36. Rb3 Ke6 37. Re2 Rb5 38. a3 Nf6 
39. Rc3 Nd5 40. Rd3 Nf6 41. Be3 Ng4 42. Rc3 Nxe3+ 43. Rcxe3 Kd6 44. Kg2 Ra6 
45. Rd3+ Rd5 46. Rf3 Ke6 47. Ree3 c5 48. bxc5 Ke7 49. Rc3 Rc6 50. Rfe3 Rcxc5 
51. Rxc5 Rxc5 52. f4 Kd6 53. fxe5+ Rxe5 54. Rxe5 Kxe5 55. Kf3 Kd5 56. a4 Kc4 
57. Ke4 Kb4 58. Kd5 Kxa4 59. Kc6 Kb4 60. Kxc7 Kc5 61. Kd7 Kd5 1/2-1/2

[Event "Monday Night Engine Tour 13 Rd Swiss 3m+1s Starts at 2200hrs ST"]
[Site "Infinity Chess"]
[Date "2018.4.10"]
[Round "10"]
[White "Thinker"]
[Black "SkyPilot"]
[Result "1/2-1/2"]
[ECO "C55"]
[WhiteElo "2481"]
[BlackElo "2481"]
[WhiteEngine "BrainFish_180404_x64_modern_CTG"]
[BlackEngine "stockfish_x64_bmi2_2018_04_07_CTG"]
[EventType "Swiss"]
[WhiteTeam ""]
[BlackTeam ""]
[PlyCount "83"]
[TimeControl "180+1"]

1. e4 e5 2. Nf3 Nc6 3. Bc4 Nf6 4. d3 Bc5 5. c3 d6 6. O-O O-O 7. h3 a5 
8. Nbd2 Be6 9. Bb5 h6 10. Re1 Qb8 11. Nf1 Qa7 12. Be3 Bxe3 13. Nxe3 Ne7 
14. a4 Ng6 15. Bc4 Bxc4 16. Nxc4 Qa6 17. g3 Rfe8 18. Ne3 Qc6 19. h4 Nf8 
20. Nh2 N8d7 21. Nhg4 Rad8 22. Nxf6+ Nxf6 23. Rc1 b6 24. b4 d5 25. b5 Qd7 
26. Qc2 dxe4 27. dxe4 Qh3 28. Red1 Ng4 29. Nxg4 Qxg4 30. Kg2 h5 31. c4 Rd4 
32. c5 bxc5 33. Rxd4 exd4 34. f3 Qg6 35. Qxc5 Rxe4 36. fxe4 Qxe4+ 37. Kf1 Qd3+ 
38. Ke1 Qe3+ 39. Kd1 Qd3+ 40. Ke1 Qe3+ 41. Kd1 Qd3+ 42. Ke1 1/2-1/2

[Event "Monday Night Engine Tour 13 Rd Swiss 3m+1s Starts at 2200hrs ST"]
[Site "Infinity Chess"]
[Date "2018.4.10"]
[Round "10"]
[White "Dovahkiin"]
[Black "MCDermont"]
[Result "0-1"]
[ECO "C55"]
[WhiteElo "2426"]
[BlackElo "2525"]
[WhiteEngine "Raubfisch ME262_GTZ16f_CTG"]
[BlackEngine "BrainFish 090218"]
[EventType "Swiss"]
[WhiteTeam ""]
[BlackTeam ""]
[PlyCount "212"]
[TimeControl "180+1"]

1. e4 e5 2. Nf3 Nc6 3. Bc4 Nf6 4. d3 Bc5 5. O-O d6 6. c3 O-O 7. Re1 a5 8. Bb3 h6 
9. h3 Bb6 10. a4 Re8 11. Nbd2 Ba7 12. Bc4 Ne7 13. Qb3 Rf8 14. d4 exd4 
15. cxd4 d5 16. exd5 Nfxd5 17. Ne4 Nb6 18. Bd3 Be6 19. Nf6+ gxf6 20. Rxe6 fxe6 
21. Qxe6+ Rf7 22. Bxh6 f5 23. Ng5 Qd5 24. Qe2 Ng6 25. Nxf7 Nh4 26. Qf1 Qxf7 
27. Ra3 Nd5 28. Bc4 Ng6 29. Qd1 c6 30. Rg3 Re8 31. Rg5 Re6 32. Bd3 Rf6 
33. h4 Qh7 34. Rh5 Qd7 35. Rg5 Kf7 36. Rh5 Qe6 37. Bg5 Ngf4 38. Rh7+ Kg8 
39. Rxb7 Rf7 40. Rxf7 Kxf7 41. Bf1 Bb6 42. g3 Ng6 43. b3 Kg7 44. Qd3 Nge7 
45. Bd2 f4 46. h5 Bc7 47. gxf4 Qf6 48. Bg2 Nxf4 49. Qe4 Ned5 50. Bf3 Qe6 
51. Qxe6 Nxe6 52. Bd1 Nxd4 53. Kg2 c5 54. Kf1 Nb4 55. Be3 Bd8 56. Ke1 Nbc2+ 
57. Kd2 Nxe3 58. Kxe3 Bh4 59. f4 Kh6 60. Ke4 Ne6 61. Bg4 Ng7 62. Bd7 Nxh5 
63. Bc6 Be1 64. Ke5 Bc3+ 65. Kd5 Nxf4+ 66. Kxc5 Kg6 67. Kc4 Bd2 68. Bb7 Kf5 
69. Bc8+ Ke4 70. Bb7+ Ke3 71. Bc6 Bb4 72. Bd7 Nd3 73. Bf5 Nc5 74. Bg6 Ke2 
75. Bh5+ Kd2 76. Bg6 Kc1 77. Bh5 Kb2 78. Bd1 Ne4 79. Bg4 Nd2+ 80. Kd5 Kxb3 
81. Bd1+ Ka3 82. Bc2 Nb3 83. Kc4 Nc5 84. Kb5 Ka2 85. Bg6 Kb3 86. Bh5 Ne4 
87. Bd1+ Kb2 88. Kc6 Nc3 89. Bf3 Nxa4 90. Bd1 Nc3 91. Bh5 a4 92. Bg6 a3 
93. Bf7 Ne4 94. Bd5 Be7 95. Bc4 Nd2 96. Bg8 Nb3 97. Kd7 Bb4 98. Ke6 a2 
99. Kf5 a1=Q 100. Bd5 Nd4+ 101. Ke5 Qg1 102. Bf7 Qg7+ 103. Ke4 Kc3 104. Bd5 Qg3 
105. Ba2 Qf3+ 106. Ke5 Qf5# 0-1